 Dungeon Crawl Stone Soup version 0.23.2-1-ga50397a (webtiles) character file.

Game seed: 4752573602451432747

87 MajorAdolf the Skirmisher (level 4, -7/46 HPs)
             Began as a Naga Wanderer on Apr 25, 2019.
             Killed by divine providence
             ... invoked by an orc priest
              (8 damage)
             ... on level 3 of the Dungeon.
             The game lasted 00:06:30 (2651 turns).

MajorAdolf the Skirmisher (Naga Wanderer)           Turns: 2651, Time: 00:06:31

Health: -7/46      AC:  4    Str: 16    XL:     4   Next: 51%
Magic:  5/5        EV:  8    Int: 11    God:
Gold:   96         SH:  0    Dex: 11    Spells: 3/3 levels left

rFire    . . .     SeeInvis +   d - +0 hand axe
rCold    . . .     Gourm    .   (no shield)
rNeg     . . .     Faith    .   k - +0 ring mail
rPois    +         Spirit   .   (no helmet)
rElec    .         Reflect  .   (no cloak)
rCorr    .         Harm     .   (no gloves)
MR       .....                  (no barding)
Stlth    +.........             (no amulet)
HPRegen  0.15/turn              (no ring)
MPRegen  0.09/turn              (no ring)

@: short of breath, very slow
A: large, see invisible, deformed body, poison resistance, slowness 2, slow
metabolism 1, spit poison 1, AC +1
a: Spit Poison


You were on level 3 of the Dungeon.
You were not hungry.

You visited 1 branch of the dungeon, and saw 3 of its levels.

You collected 96 gold pieces.

Inventory:

Hand Weapons
 d - a +0 hand axe (weapon)
Armour
 k - a +0 ring mail (worn)
Scrolls
 j - a scroll of blinking {unknown}
 m - a scroll of fear {unknown}
 n - a scroll of enchant armour {unknown}
 p - 2 scrolls of enchant weapon {unknown}
Potions
 b - a potion of lignification
 g - a potion of resistance
 h - a potion of haste {unknown}
 i - a potion of magic {unknown}
 l - a potion of cancellation {unknown}
Miscellaneous
 c - a box of beasts
Comestibles
 f - 5 rations


   Skills:
 - Level 5.0 Fighting
 + Level 0.1(1.1) Axes
   Level 2.0 Polearms
 + Level 2.0 Armour
 - Level 1.0 Dodging
 - Level 1.0 Unarmed Combat
 - Level 2.0 Evocations


You had 3 spell levels left.
You didn't know any spells.
Your spell library was empty.

Dungeon Overview and Level Annotations

Branches:
Dungeon (3/15)

Altars:
The Shining One

Annotations:
D:2 exclusion: downstairs


Innate Abilities, Weirdness & Mutations

You cannot wear boots.
Your serpentine skin is tough. (AC +1)
You have supernaturally acute eyesight. (SInv)
Armour fits poorly on your strangely shaped body.
Your system is resistant to poisons. (rPois)
You cover ground very slowly.
You have a slow metabolism.
You can spit poison.


Message History

You hit the orc priest.
The orc priest is almost dead.
The orc priest barely misses you.
Unknown command.
You closely miss the orc priest.
The orc priest is almost dead.
You closely miss the giant cockroach.
The giant cockroach bites you but does no damage.
The orc priest mumbles some strange prayers to Beogh against you.
Beogh smites you!
* * * LOW HITPOINT WARNING * * *
The giant cockroach bites you but does no damage.
Really quaff the potion of lignification?
Okay, then.
You hit the orc priest.
The orc priest is almost dead.
You closely miss the giant cockroach.
The orc priest invokes the aid of Beogh against you.
Beogh smites you!
You die...

#. .. #####
..#.#...## #####
$....... ...#
.####...######..#
).......<.......#
.....###.#####..#
...........###[s#.#
..............@o..#
....##..##########
#.# #..# # #..#
#..# ...# ##.##


You could see an orc priest and a giant cockroach.

Vanquished Creatures
  A centaur zombie (D:2)
  3 dart slugs
  4 orcs
  2 giant cockroaches
  2 goblins (D:1)
  5 hobgoblins (D:1)
  3 jackals (D:2)
  A ball python (D:3)
  8 bats
  3 frilled lizards
  7 kobolds
  5 rats
44 creatures vanquished.

Notes
Turn   | Place    | Note
-------+----------+-------------------------------------------
     0 | D:1      | MajorAdolf the Naga Wanderer began the quest for the Orb.
     0 | D:1      | MajorAdolf set off with the following items: a +0 spear, a
                  | potion of lignification, a box of beasts, a +0 robe, a
                  | ration
     0 | D:1      | Reached XP level 1. HP: 22/22 MP: 2/2
   262 | D:1      | Reached XP level 2. HP: 28/31 MP: 3/3
  1204 | D:1      | Reached XP level 3. HP: 36/38 MP: 4/4
  1382 | D:1      | Reached skill level 5 in Fighting
  1795 | D:2      | Found a glowing golden altar of the Shining One.
  1830 | D:2      | Reached skill level 1 in Armour
  1830 | D:2      | Reached XP level 4. HP: 16/46 MP: 5/5
  2650 | D:3      | HP: 1/46 [orc priest/divine providence (9)]
  2651 | D:3      | Killed from afar by an orc priest

Skill      XL: |  1  2  3  4 |
---------------+-------------+-----
Fighting       | 5 |  5.0
Armour         | 1 2 |  2.0
Axes           | |  0.1
Polearms       | |  2.0
Dodging        | |  1.0
Unarmed Combat | |  1.0
Evocations     | |  2.0

Action                   |  1- 3 |  4- 6 || total
-------------------------+-------+-------++-------
Melee: Spear             |    79 |    25 ||   104
       Hand axe          |       |    26 ||    26
 Abil: Spit Poison       |    23 |    14 ||    37
  Use: Scroll            |     4 |       ||     4
       Potion            |       |     1 ||     1
  Eat: Chunk             |     3 |     3 ||     6
Armor: Robe              |    11 |       ||    11
       Ring mail         |     5 |    26 ||    31
Dodge: Dodged            |    47 |    29 ||    76
